 Dungeon Crawl Stone Soup version 0.31.0-32-g396128a36d (webtiles) character file.

Game seed: 9498715198490955821

63 unlimited1921 the Chopper (level 4, -13/41 HPs)
             Began as a Gnoll Cinder Acolyte on Mar 31, 2024.
             Was a High Priest of Ignis.
             Killed from afar by Sigmund (23 damage)
             ... with a bolt of dispelling energy
             ... on level 3 of the Dungeon.
             The game lasted 00:05:31 (3062 turns).

unlimited1921 the Chopper (Gnoll Cinder Acolyte)    Turns: 3062, Time: 00:05:34

Health: -13/41     AC:  4    Str: 13    XL:     4   Next: 10%
Magic:  6/8        EV: 11    Int: 15    God:    Ignis [*****.]
Gold:   63         SH:  0    Dex:  8    Spells: 7/9 levels left

rFire   + . .        a - -1 hand axe (flame)
rCold   . . .        (no shield)
rNeg    . . .        b - +0 robe
rPois   .            (no helmet)
rElec   .            (no cloak)
rCorr   .            o - +0 pair of gloves
SInv    .            h - +0 pair of boots
Will    .....        (no amulet)
Stlth   +            (no ring)
HPRegen 0.26/turn    (no ring)
MPRegen 0.11/turn

%: no passive effects
@: no status effects
A: fangs 1, strong nose, distributed training
a: Renounce Religion, Fiery Armour, Foxfire Swarm, Rising Flame


You were on level 3 of the Dungeon.
You worshipped Ignis.
Ignis was extremely pleased with you.
You visited 1 branch of the dungeon, and saw 3 of its levels.

You collected 63 gold pieces.

Inventory:

Hand Weapons
 a - a -1 hand axe of flaming (weapon)
 c - a +2 dagger of venom
 s - a +1 dagger of draining
Missiles
 d - 7 poisoned darts (quivered)
Armour
 b - a +0 robe (worn)
 e - a +0 ring mail
 h - a +0 pair of boots (worn)
 l - a +0 scale mail
 o - a +0 pair of gloves (worn)
 r - a +0 leather armour
Jewellery
 n - a ring of fire
Scrolls
 f - 2 scrolls of identify {unknown}
 g - a scroll of enchant weapon {unknown}
 j - a scroll of revelation {unknown}
Potions
 i - a potion of heal wounds {unknown}
 k - a potion of invisibility {unknown}
 m - a potion of cancellation {unknown}
 p - a potion of ambrosia {unknown}
 q - a potion of brilliance {unknown}


   Skills:
 + Level 6.6 Fighting
 + Level 1.1 Short Blades
 + Level 1.1 Long Blades
 + Level 6.6 Axes
 + Level 1.1 Maces & Flails
 + Level 1.1 Polearms
 + Level 1.1 Staves
 + Level 1.1 Ranged Weapons
 + Level 1.1 Throwing
 + Level 1.1 Armour
 + Level 1.1 Dodging
 + Level 1.1 Stealth
 + Level 1.1 Shields
 + Level 1.1 Unarmed Combat
 + Level 3.0 Spellcasting
 + Level 0.8 Conjurations
 + Level 0.8 Hexes
 + Level 0.8 Summonings
 + Level 0.8 Necromancy
 + Level 0.8 Translocations
 + Level 5.4 Fire Magic
 + Level 0.8 Ice Magic
 + Level 0.8 Air Magic
 + Level 0.8 Earth Magic
 + Level 0.8 Alchemy
 + Level 1.2 Invocations
 + Level 1.1 Evocations
 + Level 1.0 Shapeshifting


You had 7 spell levels left.
You knew the following spells:

 Your Spells              Type           Power      Damage    Failure   Level
a - Scorch                Fire           36%        2d6       3%          2

Your spell library contained the following spells:

 Spells                   Type           Power      Damage    Failure   Level


Dungeon Overview and Level Annotations

Branches:
Dungeon (3/15)

Altars:

Shops:
D:2 (

Annotations:
D:3 Sigmund


Innate Abilities, Weirdness & Mutations

You have very sharp teeth.
Your uncanny sense of smell can sniff out nearby items.
Your experience applies equally to all skills.


Message History

You throw a poisoned dart. The poisoned dart hits Sigmund.
Sigmund is poisoned.
Throw: 9 darts (poison)
Press: ? - help, Q - select action, (/) - cycle Shift-Dir - straight line, f/p - Sigmund
Aim: Sigmund, wielding a +0 scythe, wearing a +0 robe and carrying a wand of quicksilver (poisoned, 50% to hit)
You throw a poisoned dart.
The poisoned dart closely misses Sigmund.
Throw: 8 darts (poison)
Press: ? - help, Q - select action, (/) - cycle Shift-Dir - straight line, f/p - Sigmund
Aim: Sigmund, wielding a +0 scythe, wearing a +0 robe and carrying a wand of quicksilver (poisoned, 50% to hit)
You throw a poisoned dart. The poisoned dart hits Sigmund.
Sigmund looks even sicker.
Sigmund zaps a wand.
The bolt of dispelling energy hits you!!
There is a stone staircase leading down here.
Sigmund points at you and mumbles some strange words.
The puff of flame hits you. You resist.
Casting: Scorch (safe; 3% risk of failure)
Confirm with . or Enter, or press ? or * to list all spells.
Flames lash Sigmund.
Sigmund is heavily wounded.
Sigmund's fire resistance burns away.
Sigmund points at you and mumbles some strange words.
You are confused.
You're too confused to cast spells.
Sigmund zaps a wand.
The bolt of dispelling energy misses you.
Sigmund hits you but does no damage.
You bump into the rock wall.
Sigmund closely misses you.
You're too confused to move!
Sigmund looks more healthy.
Sigmund is no longer more vulnerable to fire.
Sigmund casts a spell at you. The puff of flame hits you. You resist.
* * * LOW HITPOINT WARNING * * *
You bump into the rock wall.
You feel less confused.
Sigmund zaps a wand.
The bolt of dispelling energy hits you!!
Ouch! That really hurt!
You die...
Sigmund begins carving another notch in his scythe.

######..# #.
##.# ..
#######.######.#
...............#
∆
....###.#####..#
....@..........#
..((#####..##@##
.. ##.#...#
#@..### ##.>#
##.# #.# ∆ #.#
#.# #.# #.# #.#


You could see Sigmund.

Vanquished Creatures
  3 adders (D:2)
  A dart slug (D:2)
  A ribbon worm (D:3)
  3 ball pythons (D:1)
  2 endoplasms
  A giant cockroach (D:2)
  4 goblins
  4 hobgoblins
  4 bats
  A frilled lizard (D:1)
  6 kobolds
  A rat (D:1)
31 creatures vanquished.

Notes
Turn   | Place    | Note
-------+----------+-------------------------------------------
     0 | D:1      | unlimited1921 the Gnoll Cinder Acolyte began the quest for
                  | the Orb.
     0 | D:1      | Reached XP level 1. HP: 23/23 MP: 4/4
   379 | D:1      | Reached XP level 2. HP: 27/29 MP: 5/5
   382 | D:1      | Learned a level 2 spell: Scorch
  1000 | D:2      | Reached XP level 3. HP: 35/35 MP: 1/7
  1336 | D:2      | Found Tounlyka's Antique Weapon Shop.
  1547 | D:2      | Reached skill level 1 in Invocations
  1782 | D:2      | Reached skill level 1 in Short Blades
  1782 | D:2      | Reached skill level 1 in Long Blades
  1782 | D:2      | Reached skill level 1 in Maces & Flails
  1782 | D:2      | Reached skill level 1 in Polearms
  1782 | D:2      | Reached skill level 1 in Staves
  1782 | D:2      | Reached skill level 1 in Ranged Weapons
  1782 | D:2      | Reached skill level 1 in Throwing
  1782 | D:2      | Reached skill level 1 in Armour
  1782 | D:2      | Reached skill level 1 in Dodging
  1782 | D:2      | Reached skill level 1 in Stealth
  1782 | D:2      | Reached skill level 1 in Shields
  1782 | D:2      | Reached skill level 1 in Unarmed Combat
  1782 | D:2      | Reached skill level 1 in Evocations
  2314 | D:3      | Noticed Sigmund
  2503 | D:3      | Reached skill level 1 in Shapeshifting
  2503 | D:3      | Reached XP level 4. HP: 41/41 MP: 3/8
  2557 | D:3      | Found a faded altar of an unknown god.
  3062 | D:3      | Killed from afar by Sigmund

Illustrated notes

Levels and vault maps discovered:
D:1:      shiori_arrival_elements, layout_basic
D:2:      layout_basic, serial_shops, nicolae_shop_overgrown_old_shop
D:3:      layout_basic, hellmonk_ecumenical_altar_slurped_away, uniq_sigmund

Skill      XL: |  1  2  3  4 |
---------------+-------------+-----
Invocations    | 1 |  1.2
Short Blades   | 1 |  1.1
Long Blades    | 1 |  1.1
Maces & Flails | 1 |  1.1
Polearms       | 1 |  1.1
Staves         | 1 |  1.1
Ranged Weapons | 1 |  1.1
Throwing       | 1 |  1.1
Armour         | 1 |  1.1
Dodging        | 1 |  1.1
Stealth        | 1 |  1.1
Shields        | 1 |  1.1
Unarmed Combat | 1 |  1.1
Evocations     | 1 |  1.1
Shapeshifting  | 1 |  1.0
Spellcasting   | 3 |  3.0
Fighting       | |  6.6
Axes           | |  6.6
Conjurations   | |  0.8
Hexes          | |  0.8
Summonings     | |  0.8
Necromancy     | |  0.8
Translocations | |  0.8
Fire Magic     | |  5.4
Ice Magic      | |  0.8
Air Magic      | |  0.8
Earth Magic    | |  0.8
Alchemy        | |  0.8

Action                     |  1- 3 |  4- 6 || total
---------------------------+-------+-------++-------
  Melee: Hand axe          |    20 |     1 ||    21
         Bite              |     1 |       ||     1
  Throw: Dart              |     1 |     5 ||     6
   Cast: Scorch            |    24 |     3 ||    27
 Armour: Robe              |     8 |     6 ||    14
  Dodge: Dodged            |    17 |     6 ||    23
